 Dungeon Crawl Stone Soup version 0.31-a0-960-g0fca184906 (webtiles) character file.

Game seed: 8471270820728165657

1262 BinkBink the Shooter (level 8, -1/49 (54) HPs)
             Began as an Octopode Hunter on Oct 23, 2023.
             Was a Follower of Qazlal.
             Slain by a wight
             ... wielding a +2 great sword of freezing
              (2 damage)
             ... on level 6 of the Dungeon.
             The game lasted 00:09:00 (4265 turns).

BinkBink the Shooter (Octopode Hunter)              Turns: 4265, Time: 00:09:01

HP:   -1/49 (54)    AC:  6    Str: 15    XL:     8   Next: 52%
MP:   8/8           EV: 15    Int: 15    God:    Qazlal [*.....]
Gold: 85            SH:  1    Dex: 17    Spells: 7/7 levels left

rFire   . . .        v - +9 arbalest of Grace {penet, Str+4 Int+4}
rCold   . . .        (shield currently unavailable)
rNeg    + . .        s - +1 hat
rPois   .            i - amulet of faith
rElec   .            l - +4 ring of protection
rCorr   .            u - ring of positive energy
SInv    .            (no ring)
Will    .....        (no ring)
Stlth   ++++         (no ring)
HPRegen 0.28/turn    (no ring)
MPRegen 0.11/turn    (no ring)
                     (no ring)

%: faith
@: drained
A: almost no armour, amphibious, 8 rings, camouflage 1, gelatinous body 1,
(nimble swimmer 1), tentacles
a: Renounce Religion


You were on level 6 of the Dungeon.
You worshipped Qazlal.
Qazlal was aware of your devotion.
You visited 2 branches of the dungeon, and saw 7 of its levels.

You collected 303 gold pieces.
You spent 218 gold pieces at shops.

Inventory:

Hand Weapons
 a - a +0 shortbow
 v - the +9 arbalest of Grace (weapon) {penet, Str+4 Int+4}
   (You bought it in a shop on level 4 of the Dungeon)

   Str+4:     It affects your strength (+4).
   Int+4:     It affects your intelligence (+4).
Armour
 s - a +1 hat (worn)
Jewellery
 i - an amulet of faith (around mantle)
 l - a +4 ring of protection (left tentacle)
 u - a ring of positive energy (right tentacle)
 x - an amulet of guardian spirit
 y - the Hermit's Pendant {Faith Invo=14 Evo=0 MP+5}
   (You found it on level 5 of the Dungeon)

   [amulet of faith]

   Invo=14: It sets your Invocations skill to 14.
   Evo=0: It sets your Evocations skill to 0.
   Faith:     It allows you to gain divine favour quickly.
   MP+5:      It affects your magic capacity (+5).
Wands
 q - a wand of flame (36)
Scrolls
 b - a scroll of butterflies
 c - 2 scrolls of teleportation {unknown}
 d - a scroll of enchant weapon {unknown}
 g - 2 scrolls of noise {unknown}
 h - 2 scrolls of poison {unknown}
 k - a scroll of enchant armour {unknown}
 o - a scroll of torment {unknown}
 p - 3 scrolls of identify {unknown}
 r - 2 scrolls of immolation {unknown}
 t - 2 scrolls of blinking {unknown}
 w - a scroll of fog {unknown}
 z - 2 scrolls of vulnerability {unknown}
Potions
 e - 2 potions of lignification {unknown}
 f - a potion of degeneration {unknown}
 j - 4 potions of curing {unknown}
 m - 3 potions of enlightenment {unknown}
 n - 3 potions of attraction {unknown}


   Skills:
 + Level 4.9 Fighting
 * Level 7.5 Ranged Weapons
 + Level 4.8 Dodging
 + Level 6.4 Stealth


You had 7 spell levels left.
You didn't know any spells.
Your spell library contained the following spells:

 Spells                   Type           Power      Damage    Failure   Level
 Freeze                   Ice            0%         1d3       26%         1
 Ensorcelled Hibernation  Hex/Ice        0%         N/A       38%         2
 Jinxbite                 Hex            0%         N/A       38%         2
 Passwall                 Tmut/Erth      0%         N/A       38%         2
 Frozen Ramparts          Ice            0%         1d1       63%         3
 Hailstorm                Conj/Ice       0%         3d3       63%         3
 Swiftness                Air            0%         N/A       63%         3
 Anguish                  Hex/Necr       0%         N/A       95%         4


Dungeon Overview and Level Annotations

Branches:
Dungeon (6/15)             Temple (1/1) D:5

Altars:
Ashenzari
Cheibriados
Dithmenos
Elyvilon
Gozag
Kikubaaqudgha
Makhleb
Nemelex Xobeh
Okawaru
Qazlal
Ru
Sif Muna
Trog
Uskayaw
Xom
Yredelemnul
The Shining One
Lugonu

Shops:
D:4 (

Portals:
Abyss: D:4

Annotations:
D:4 3 runed translucent doors, Crazy Yiuf


Innate Abilities, Weirdness & Mutations

You cannot wear most types of armour.
You are amphibious.
You can wear up to eight rings at the same time.
Your skin changes colour to match your surroundings (Stealth+).
Your rubbery body absorbs attacks. (AC +1, EV +1)
((You are camouflaged when in or above water. (Stealth+)))
You have tentacles for arms and can constrict up to eight enemies at once.


Message History

Press: ? - help, Q - select action, (/) - cycle Shift-Dir - straight line, f/p - wight
Aim: a wight, wielding a +2 great sword of freezing and wearing a +0 robe (lightly damaged, 70% to hit)
You shoot a bolt. The bolt pierces through the wight!
The wight is severely damaged.
The wight completely misses you. The wight closely misses you.
Fire: v) +9 arbalest of Grace {penet, Str+4 Int+4}
Press: ? - help, Q - select action, (/) - cycle Shift-Dir - straight line, f/p - wight
Aim: a wight, wielding a +2 great sword of freezing and wearing a +0 robe (severely damaged, 70% to hit)
You shoot a bolt. The bolt closely misses the wight.
The wight barely misses you.
Fire: v) +9 arbalest of Grace {penet, Str+4 Int+4}
Press: ? - help, Q - select action, (/) - cycle Shift-Dir - straight line, f/p - wight
Aim: a wight, wielding a +2 great sword of freezing and wearing a +0 robe (severely damaged, 70% to hit)
You shoot a bolt. The bolt pierces through the wight.
The wight is almost destroyed.
The wight hits you with a +2 great sword of freezing!
* * * LOW HITPOINT WARNING * * *
You partially resist.
You feel drained.
* * * LOW HITPOINT WARNING * * *
The wight freezes you.
* * * LOW HITPOINT WARNING * * *
The wight hits you with a +2 great sword of freezing.
* * * LOW HITPOINT WARNING * * *
The wight freezes you.
* * * LOW HITPOINT WARNING * * *
Fire: v) +9 arbalest of Grace {penet, Str+4 Int+4}
Press: ? - help, Q - select action, (/) - cycle Shift-Dir - straight line, f/p - wight
Aim: a wight, wielding a +2 great sword of freezing and wearing a +0 robe (almost destroyed, 70% to hit)
You shoot a bolt. The bolt closely misses the wight.
The wight barely misses you.
Fire: v) +9 arbalest of Grace {penet, Str+4 Int+4}
Press: ? - help, Q - select action, (/) - cycle Shift-Dir - straight line, f/p - wight
Aim: a wight, wielding a +2 great sword of freezing and wearing a +0 robe (almost destroyed, 70% to hit)
You shoot a bolt. The bolt completely misses the wight.
The wight hits you with a +2 great sword of freezing!
* * * LOW HITPOINT WARNING * * *
You partially resist.
You feel drained.
* * * LOW HITPOINT WARNING * * *
The wight freezes you.
You die...

#.. $$ ... .. ..# #.
# #.# #. .. #)##.##
.# #)?#.# .#
#=!#.##.###.#
#.##z##.....
#.#..#@#.†# ..
#####.†.#
5....##.....# ..
..........# .
#####....#########
####.# #.....####
..#####.###........#
#....)..........##.#
######...##.....##.#


You could see a wight.

Vanquished Creatures
  2 water moccasins
  2 ice beasts (D:5)
  A centaur (D:5)
  An ogre (D:3)
  A scorpion (D:5)
  2 wights (D:6)
  A hound (D:4)
  2 orc priests (D:5)
  Terence (D:2)
  2 iguanas (D:5)
  5 orc wizards
  2 sleepcaps (D:5)
  9 adders
  A shadow imp (D:5)
  8 worms
  A dart slug (D:4)
  11 orcs
  9 endoplasms
  2 giant cockroaches
  14 goblins
  8 hobgoblins
  5 jackals (D:1)
  5 kobolds
  2 quokkas
  6 ball pythons
  3 bats
  8 frilled lizards
  4 rats
118 creatures vanquished.

Notes
Turn   | Place    | Note
-------+----------+-------------------------------------------
     0 | D:1      | BinkBink the Octopode Hunter began the quest for the Orb.
     0 | D:1      | Reached XP level 1. HP: 14/14 MP: 1/1
   265 | D:1      | Reached XP level 2. HP: 19/19 MP: 2/2
   578 | D:1      | Reached XP level 3. HP: 24/24 MP: 3/3
   960 | D:2      | Reached XP level 4. HP: 30/30 MP: 4/4
  1351 | D:2      | Noticed Terence
  1528 | D:2      | Killed Terence
  1617 | D:3      | Found a faded altar of an unknown god.
  1917 | D:3      | Reached XP level 5. HP: 35/35 MP: 5/5
  2034 | D:3      | Found a glowing golden altar of the Shining One.
  2186 | D:3      | Reached skill level 5 in Ranged Weapons
  2208 | D:3      | Found a hide-covered altar of Uskayaw.
  2300 | D:3      | Noticed an ogre
  2380 | D:3      | Killed an ogre
  2471 | D:4      | Found a large runed translucent door.
  2472 | D:4      | Found a large runed translucent door.
  2477 | D:4      | Found a corrupted altar of Lugonu.
  2502 | D:4      | Reached XP level 6. HP: 39/42 MP: 6/6
  2875 | D:4      | Found Onnyc's Antique Weapon Boutique.
  2880 | D:4      | Bought a smouldering arbalest for 218 gold pieces
  2880 | D:4      | Identified the +9 arbalest of Grace {penet, Str+4 Int+4}
                  | (You bought it in a shop on level 4 of the Dungeon)
  2973 | D:4      | Found a runed translucent door.
  2974 | D:4      | Noticed Crazy Yiuf
  3032 | D:4      | Found a one-way gate to the infinite horrors of the Abyss.
  3178 | D:5      | Entered Level 5 of the Dungeon
  3313 | D:5      | Found a staircase to the Ecumenical Temple.
  3320 | D:5      | Reached skill level 6 in Ranged Weapons
  3320 | D:5      | Reached XP level 7. HP: 38/47 MP: 7/7
  3327 | Temple   | Entered the Ecumenical Temple
  3404 | Temple   | Became a worshipper of Qazlal Stormbringer
  3516 | D:5      | Found the Hermit's Pendant {Faith Invo=14 Evo=0 MP+5}
  3592 | D:5      | Reached skill level 5 in Stealth
  3850 | D:5      | Identified the +6 mace of Intimidation {protect, rN+}
  3927 | D:5      | Reached XP level 8. HP: 51/54 MP: 8/8
  3932 | D:5      | Reached skill level 7 in Ranged Weapons
  3939 | D:5      | Reached * piety under Qazlal
  4265 | D:6      | HP: 2/50 [wight/+2 great sword of freezing (7)]
  4265 | D:6      | Slain by a wight

Illustrated notes

Levels and vault maps discovered:
D:1:      dreamdust_arrival_beginning_and_end, layout_loops_ring,
          serial_bayou_pond_b
D:2:      layout_basic, minmay_heptomino_l4, uniq_terence
D:3:      layout_loops_ring, nicolae_uskayaw_suspiria, tso_oasis_becter,
          nicolae_ecumenical_pavilion, minmay_ogre_servants
D:4:      due_chaos_kobolds, layout_cave_pools, serial_shops,
          nicolae_shop_tiny_real_fake_doors, nicolae_wormholes,
          uniq_crazy_yiuf_cottage
D:5:      layout_layer_cave, minmay_temple_entry_proselytizer
D:6:      layout_loops_corners, serial_shops, nicolae_shop_bloodbath_and_beyond,
          shop, nicolae_shop_hallway_plus, nicolae_shop_peninsula,
          nicolae_shop_tiny_glass, chequers_serial_rivers_marsh, minivault_22,
          uniq_edmund
Temple:   regret_index_temple_generic_petals

Skill      XL: |  1  2  3  4  5  6  7  8 |
---------------+-------------------------+-----
Stealth        | 2 3 4 5 6 |  6.4
Ranged Weapons | 5 6 7 |  7.5
Fighting       | 3 4 |  4.9
Dodging        | 3 4 |  4.8

Action                     |  1- 3 |  4- 6 |  7- 9 || total
---------------------------+-------+-------+-------++-------
  Melee: Arbalest          |       |       |     2 ||     2
   Fire: Shortbow          |   138 |   217 |       ||   355
         Arbalest          |       |    17 |    66 ||    83
 Armour: Skin              |    29 |    60 |     9 ||    98
  Dodge: Dodged            |    82 |    86 |    21 ||   189

Table legend: (Time is in decaauts)
 A = Elapsed time spent in this place.
 B = Non-inter-level travel time spent in this place.
 C = Inter-level travel time spent in this place.
 D = Time resting spent in this place.
 E = Time spent auto-exploring this place.
 F = Levels seen in this place.
 G = Mean time per level.
                   A        B        C        D        E       F      G
               +--------+--------+--------+--------+--------+-----+--------+
         Total |   4368 |   4138 |    230 |    277 |   2930 |   7 |  624.0 |
       Dungeon |   4257 |   4111 |    146 |    277 |   2905 |   6 |  709.5 |
        Temple |    110 |     26 |     84 |      0 |     25 |   1 |  110.0 |
               +--------+--------+--------+--------+--------+-----+--------+

Top non-repeatable levels by time:
     D:5: 958 daAuts
     D:2: 940 daAuts
     D:3: 843 daAuts
     D:4: 732 daAuts
     D:1: 720 daAuts
  Temple: 110 daAuts
     D:6: 61 daAuts
